[Event "FIDE Women World Blitz 2021"]
[Site "Warsaw"]
[Date "2021.12.30"]
[Round "13.19"]
[White "Maltsevskaya, Aleksandra"]
[Black "Efroimski, Marsel"]
[Result "1-0"]
[ECO "B55"]
[WhiteElo "2411"]
[BlackElo "2419"]
[Annotator "NA"]
[PlyCount "81"]
[EventDate "2021.12.29"]
[EventType "swiss"]
[EventCountry "POL"]
[Tiebreak "Cut1 Buchholz"]
[SourceTitle "playchess.com"]
[Source "ChessBase"]
[SourceQuality "1"]
[TimeControl "180+2"]

1. e4 c5 2. Nf3 d6 3. d4 cxd4 4. Nxd4 Nf6 5. f3 e5 6. Nb3 Nc6 7. c4 Qb6 8. Nc3 Be6 9. Bg5 Be7 10. Qd2 O-O 11. Be3 Qc7 12. Be2 a6 13. O-O Nd7 14. Rac1 Nc5 15. Nd5 Qd8 16. Rfd1 Bxd5 17. cxd5 Nxb3 18. axb3 Nb8 19. Qb4 b5 20. Ra1 Nd7 21. Qa5 Bg5 22. Bf2 Qf6 23. Qc7 Rfd8 24. Bd3 Qh6 25. Re1 Nf6 26. Rxa6 Nh5 27. Rxa8 Rxa8 28. g3 Bf6 29. Qxd6 Qd2 30. Bf1 h6 31. Qc6 Ra2 32. Qc1 Qb4 33. Qc3 Qe7 34. Bxb5 g5 35. Be2 Ng7 36. b4 Qb7 37. b5 h5 38. Qc6 Qe7 39. d6 Qe6 40. Bc4 Qe8 41. Qxe8+ 1-0

[Event "FIDE Women World Blitz 2021"]
[Site "Warsaw"]
[Date "2021.12.30"]
[Round "13.20"]
[White "Batsiashvili, Nino"]
[Black "Kamalidenova, Meruert"]
[Result "0-1"]
[ECO "A16"]
[WhiteElo "2491"]
[BlackElo "2339"]
[Annotator "ChessBase"]
[PlyCount "62"]
[EventDate "2021.12.29"]
[EventType "swiss"]
[EventCountry "POL"]
[Tiebreak "Cut1 Buchholz"]
[SourceTitle "playchess.com"]
[Source "ChessBase"]
[SourceQuality "1"]
[TimeControl "180+2"]

1. c4 Nf6 2. Nf3 g6 3. Nc3 Bg7 4. g3 O-O 5. Bg2 c6 6. e4 d5 7. e5 Ne4 8. cxd5 cxd5 9. d3 Nxc3 10. bxc3 Qc7 11. O-O Qxc3 12. Bg5 Nc6 13. h3 Bf5 14. d4 Be4 15. Be3 Rfc8 16. Qa4 Qb4 17. Qd1 Na5 18. Ng5 Bxg2 19. Kxg2 h6 20. Nf3 Nc4 21. Rb1 Qa3 22. Qe2 Nxe3+ 23. fxe3 b6 24. Rb3 Qa4 25. Nh4 Qc6 26. Qf3 Qe6 27.
Kh1 Qxh3+ 28. Kg1 Qe6 29. Ng2 Rc2 30. Nf4 Qf5 31. Qxd5 Rac8 0-1

[Event "FIDE Women World Blitz 2021"]
[Site "Warsaw"]
[Date "2021.12.30"]
[Round "13.21"]
[White "Garifullina, Leya"]
[Black "Padmini, Rout"]
[Result "1-0"]
[ECO "B27"]
[WhiteElo "2416"]
[BlackElo "2353"]
[Annotator "NA"]
[PlyCount "70"]
[EventDate "2021.12.29"]
[EventType "swiss"]
[EventCountry "POL"]
[Tiebreak "Cut1 Buchholz"]
[SourceTitle "playchess.com"]
[Source "ChessBase"]
[SourceQuality "1"]
[TimeControl "180+2"]

1. e4 c5 2. Nf3 g6 3. d4 cxd4 4. Qxd4 Nf6 5. Nc3 Nc6 6. Qa4 Bg7 7. e5 Ng8 8. Bf4 Nh6 9. h3 O-O 10. O-O-O Qb6 11. Nd5 Qd8 12. Bb5 a6 13. Qa3 Re8 14. Bg5 Kf8 15. Be3 axb5 16. Qxa8 d6 17. Qa3 Nf5 18. Bb6 Qd7 19. g4 Nh6 20. Nc7 Nxe5 21. Nxe5 Bxe5 22. Nxe8 Qxe8 23. Rhe1 Ng8 24. Rxe5 dxe5 25. Rd8 Nf6 26. Rxe8+ Kxe8 27. Qb3 Bd7 28. Qc3 e4 29. Qe5 Bc6 30. Bc5 Nd5 31. Qxe4 Kd7 32. Qe5 f6 33. Qe1 e5 34. b3 Nf4 35. Qd2+ Kc8 1-0

[Event "FIDE Women World Blitz 2021"]
[Site "Warsaw"]
[Date "2021.12.30"]
[Round "13.22"]
[White "Lach, Aleksandra"]
[Black "Majdan, Joanna"]
[Result "1-0"]
[ECO "B30"]
[WhiteElo "2204"]
[BlackElo "2325"]
[Annotator "NA"]
[PlyCount "135"]
[EventDate "2021.12.29"]
[EventType "swiss"]
[EventCountry "POL"]
[Tiebreak "Cut1 Buchholz"]
[SourceTitle "playchess.com"]
[Source "ChessBase"]
[SourceQuality "1"]
[TimeControl "180+2"]

1. e4 c5 2. Nc3 Nc6 3. Bb5 Nd4 4. Nf3 e6 5. O-O a6 6. Bd3 Ne7 7. Nxd4 cxd4 8. Ne2 Nc6 9. c3 Ne5 10. Bb1 dxc3 11. dxc3 Bc5 12. Bf4 d6 13. b4 Bb6 14. Qb3 O-O 15. c4 Ng6 16. Bg3 e5 17. Bc2 Be6 18.
Qd3 Qe7 19. Rad1 Rfd8 20. Bb3 h5 21. h3 h4 22. Bh2 Rac8 23.
Kh1 Qg5 24. f4 exf4 25. Bxf4 Nxf4 26. Nxf4 Qe5 27. Nd5 Bxd5 28. exd5 Re8 29. Qf3 Re7 30. Qg4 Rce8 31. Qxh4 Qc3 32. Qf4 Qxb4 33. Bc2 Qc3 34. Bb1 g6 35. Qg4 Kg7 36. Qf4 Bc5 37. Rd3 Qe5 38. Rdf3 Qxf4 39. Rxf4 Be3 40. R4f3 Bc5 41. Kh2 Bd4 42. h4 Rh8 43. Kh3 f5 44. Rg3 Kf6 45. Rd3 Be5 46. g4 f4 47. g5+ Kg7 48.
Kg4 Rc8 49. Rc1 b5 50. c5 Rxc5 51. Rxc5 dxc5 52. Ra3 Ra7 53. h5 gxh5+ 54. Kxh5 b4 55. Ra5 Bd6 56. Bd3 f3 57. Rxa6 Rxa6 58. Bxa6 f2 59. Kg4 Kg6 60. Bd3+ Kg7 61. Kf3 f1=Q+ 62. Bxf1 Kg6 63. Kg4
Be5 64. Bd3+ Kf7 65. Kf5 Bd4 66. d6 Be3 67. g6+ Kg7 68. Ke6 1-0

[Event "FIDE Women World Blitz 2021"]
[Site "Warsaw"]
[Date "2021.12.30"]
[Round "13.23"]
[White "Mamedjarova, Turkan"]
[Black "Hryzlova, Sofiia"]
[Result "1-0"]
[ECO "E52"]
[WhiteElo "2264"]
[BlackElo "2097"]
[Annotator "NA"]
[PlyCount "87"]
[EventDate "2021.12.29"]
[EventType "swiss"]
[EventCountry "POL"]
[Tiebreak "Cut1 Buchholz"]
[SourceTitle "playchess.com"]
[Source "ChessBase"]
[SourceQuality "1"]
[TimeControl "180+2"]

1. d4 Nf6 2. c4 e6 3. Nc3 Bb4 4. Bd2 O-O 5. Nf3 d5 6. e3 b6 7. Bd3 dxc4 8. Bxc4 Bb7 9. O-O Nbd7 10. Rc1 a6 11. a3 Bd6 12. h3 Qe7 13.
Qe2 e5 14. dxe5 Nxe5 15. Nxe5 Qxe5 16. f4 Qe7 17. Qf2 Rfe8 18. Qg3 Bc5 19. Rce1 Rad8 20. Bc1 b5 21. Ba2 Bb6 22. Kh2 b4 23. axb4 Qxb4 24. Bb1 Be4 25. Ba2 Rd3 26. Qh4 Qa5 27. Bc4 Rd7 28. Rd1 Rde7 29. Nxe4 Rxe4 30. Bd2 Qc5 31. Bd3 R4e7 32. Bc3 Ne4 33. Bxe4 Rxe4 34. Qg4 g6 35. Qh4 R4e6 36. Rd8 Qf8 37. Rfd1 Bxe3 38. Rxe8 Qxe8 39. Rd8 Bxf4+ 40. Kh1 g5 41. Rxe8+ Rxe8 42. Qh6 f6 43. Qxf6 Re2 44. Qg7# 1-0

[Event "FIDE Women World Blitz 2021"]
[Site "Warsaw"]
[Date "2021.12.30"]
[Round "13.24"]
[White "Bulmaga, Irina"]
[Black "Zhukova, Natalia"]
[Result "1/2-1/2"]
[ECO "C45"]
[WhiteElo "2405"]
[BlackElo "2331"]
[Annotator "NA"]
[PlyCount "119"]
[EventDate "2021.12.29"]
[EventType "swiss"]
[EventCountry "POL"]
[Tiebreak "Cut1 Buchholz"]
[SourceTitle "playchess.com"]
[Source "ChessBase"]
[SourceQuality "1"]
[TimeControl "180+2"]

1. e4 e5 2. Nf3 Nc6 3. d4 exd4 4. Nxd4 Nf6 5. Nxc6 bxc6 6.
e5 Qe7 7. Qe2 Nd5 8. c4 Nb6 9. Nc3 Qe6 10. Qe4 Bb4 11. Bd2 Bb7 12. a3 Bxc3 13. Bxc3 d5 14. Qe3 dxc4 15. O-O-O O-O 16. f4 Rfd8 17. Be2 Nd5 18. Qd4 Ba6 19. Bxc4 Bxc4 20. Qxc4 Rab8 21. Qd4 h6 22. Rhe1 Rb5 23. Rd2 Rdb8 24. Red1 Qe7 25. Rc2 Rb3 26. g3 R8b5 27. h4 Nxc3 28. Qd8+ Qxd8 29. Rxd8+ Kh7 30. Rxc3 Rxc3+ 31. bxc3 Kg6 32. Kc2 Rd5 33. Rc8 Rd7 34. Ra8 Kf5 35. Rxa7 Kg4 36. Ra8 Kxg3 37. a4 Kxf4 38. a5 Rd5 39. c4 Rxe5 40. Kc3 g5 41. hxg5 hxg5 42. Kb4 f5 43. a6 Re1 44. Kc5 g4 45. Kxc6 g3 46. Rg8 Ra1 47.
Kb7 Kf3 48. a7 f4 49. a8=Q Rxa8 50. Kxa8 g2 51. c5 Kf2 52. c6 g1=Q 53. Rxg1 Kxg1 54. Kb7 f3 55. Kxc7 f2 56. Kb7 f1=Q 57. c7 Qb5+ 58. Ka8 Qc6+ 59. Kb8 Qb6+ 60. Ka8 1/2-1/2

[Event "FIDE Women World Blitz 2021"]
[Site "Warsaw"]
[Date "2021.12.30"]
[Round "13.25"]
[White "Mammadova, Gulnar"]
[Black "Efimenko, Maria"]
[Result "0-1"]
[ECO "B06"]
[WhiteElo "2395"]
[BlackElo "2207"]
[Annotator "NA"]
[PlyCount "156"]
[EventDate "2021.12.29"]
[EventType "swiss"]
[EventCountry "POL"]
[Tiebreak "Cut1 Buchholz"]
[SourceTitle "playchess.com"]
[Source "ChessBase"]
[SourceQuality "1"]
[TimeControl "180+2"]

1. e4 g6 2. d4 d6 3. Nc3 Bg7 4. Be3 a6 5. Qd2 b5 6. f3 Bb7 7. h4 h6 8. Nh3 Nd7 9. a4 b4 10. Nd1 c5 11. c3 bxc3 12. bxc3 Ngf6 13. Nhf2 Nh5 14. Bd3 e5 15. d5 Ng3 16. Rh3 Nh5
17. Rb1 Bc8 18. g4 Nhf6 19. g5 hxg5 20. Bxg5 Qa5 21. Ne3 Qxa4 22. Nc4 Bf8 23. Bxf6 Nxf6 24. Nb6 Qa5 25. Nxa8 Bxh3 26. Rb8+ Ke7 27. Nxh3 Bh6 28. Rb7+ Nd7 29. Qb2 Rxa8 30. Rxd7+ Kxd7 31. Qb7+ Ke8 32. Qxa8+ Ke7 33. Qb7+ Kf8 34. Qb2 Be3 35. Ke2 Bh6 36. Ng5 Kg7 37. Kf2 c4 38. Bf1 Qc5+ 39. Kg2 a5 40. Qa2 Qe3 41. Nh3 Qxc3 42. Qxc4 Qd2+ 43. Qe2 Qd4 44. Qa2 Bd2 45. Qc4 Qe3 46. Qd3 Qe1 47. Qe2 Qc1 48. Nf2 a4 49. Qc4 Qa1 50. Qc2 Be3 51. Ng4 Bd4 52. Nf2 a3 53. Bc4 Qe1 54. Qa2 Qc1 55. Qe2 Qc3 56. Kg3 Qc1 57. Kg2 Qc3 58. Nd1 Qc1 59. Kg3 Qf4+ 60. Kg2 Qxh4 61. Ne3 Qg5+ 62. Ng4 Qc1 63. Ba2 Qg1+ 64. Kh3 Qh1+ 65. Nh2 Qc1 66. Kg2 Qg1+ 67. Kh3 Qc1 68. Nf1 Qh6+ 69. Kg2 Qg5+ 70. Kh3 Qh6+ 71. Kg2 Qg5+ 72. Ng3 Qc1 73. Kh3 Qh6+ 74. Kg2 Qc1 75. Nh1 Qg1+ 76. Kh3 Qxh1+ 77. Kg3 Qg1+ 78. Kh3 Bf2 0-1

[Event "FIDE Women World Blitz 2021"]
[Site "Warsaw"]
[Date "2021.12.30"]
[Round "13.26"]
[White "Berend, Elvira"]
[Black "Fernandez, Maria Florencia"]
[Result "1-0"]
[ECO "E62"]
[WhiteElo "2328"]
[BlackElo "2184"]
[Annotator "NA"]
[PlyCount "83"]
[EventDate "2021.12.29"]
[EventType "swiss"]
[EventCountry "POL"]
[Tiebreak "Cut1 Buchholz"]
[SourceTitle "playchess.com"]
[Source "ChessBase"]
[SourceQuality "1"]
[TimeControl "180+2"]

1. d4 Nf6 2. Nf3 d6 3. g3 g6 4. Bg2 Bg7 5. O-O O-O 6. c4 Nc6 7. Nc3 Bf5 8. Nh4 Bd7 9. d5 Na5 10. Qd3 c5 11. e4 a6 12. Rb1 Rb8 13.
Bd2 b5 14. b3 Ng4 15. Nf3 Qc7 16. h3 Ne5 17. Nxe5 Bxe5 18. f4 Bd4+ 19. Kh2 Rb7 20. Ne2 Bg7 21. f5 Rfb8 22. cxb5 axb5 23. Qf3 Be8 24. Bc3 Bxc3 25. Qxc3 b4 26. Qe3 c4 27. Rbc1 Qb6 28. Qh6 cxb3 29. axb3 Nxb3 30. Rcd1 Rc8 31. Nf4 Qe3 32. Rde1 Qd2 33. Re2 Qd4 34. e5 dxe5 35. fxg6 hxg6 36. Nxg6 e4 37. Qf8+ Kh7 38. Rxe4 Qf6 39. Rxf6 exf6 40. Rh4+ Kxg6 41. Be4+ f5 42. Qh6# 1-0

[Event "FIDE Women World Blitz 2021"]
[Site "Warsaw"]
[Date "2021.12.30"]
[Round "13.27"]
[White "Cyfka, Karina"]
[Black "Pavlidou, Ekaterini"]
[Result "0-1"]
[ECO "E15"]
[WhiteElo "2416"]
[BlackElo "2177"]
[Annotator "NA"]
[PlyCount "62"]
[EventDate "2021.12.29"]
[EventType "swiss"]
[EventCountry "POL"]
[Tiebreak "Cut1 Buchholz"]
[SourceTitle "playchess.com"]
[Source "ChessBase"]
[SourceQuality "1"]
[TimeControl "180+2"]

1. d4 Nf6 2. c4 e6 3. Nf3 b6 4. g3 Ba6 5. b3 Bb4+ 6. Bd2 Be7 7. Bg2 d5 8. O-O c6 9. Qc2 O-O 10. Bf4 Nbd7 11. Nbd2 Rc8 12. Qb2 Ne4 13. Nxe4 dxe4 14. Nd2 f5 15. Rad1 Bf6 16. Be5 c5 17. Bxf6 Qxf6 18. Qa3 Nb8 19. dxc5 Rxc5 20. b4 Rc7 21. b5 Bc8 22. Rc1 e5 23. Nb3 Be6 24. Qb4 Nd7 25. Rfd1 Rfc8 26. Nd2 Nc5 27. f3 e3 28. Nb3 f4 29. Rd6 Qe7 30. Rcd1 Nb7 31. R6d3 Qxb4 0-1

[Event "FIDE Women World Blitz 2021"]
[Site "Warsaw"]
[Date "2021.12.30"]
[Round "13.28"]
[White "Gaponenko, Inna"]
[Black "Doluhanova, Evgeniya"]
[Result "1-0"]
[ECO "C62"]
[WhiteElo "2339"]
[BlackElo "2237"]
[Annotator "NA"]
[PlyCount "73"]
[EventDate "2021.12.29"]
[EventType "swiss"]
[EventCountry "POL"]
[Tiebreak "Cut1 Buchholz"]
[SourceTitle "playchess.com"]
[Source "ChessBase"]
[SourceQuality "1"]
[TimeControl "180+2"]

1. e4 e5 2. Nf3 Nc6 3. d4 d6 4. Bb5 Bd7 5. Nc3 exd4 6. Nxd4 Nxd4 7. Bxd7+ Qxd7 8. Qxd4 Nf6 9. Bg5 Be7 10. O-O-O O-O 11. e5 Ne8 12. Bxe7 Qxe7 13. f4 dxe5 14. fxe5 c6 15. Rd3 Nc7 16. Rg3 Rfe8 17. Re1 f6 18. Rge3 fxe5 19. Rxe5 Qf7 20. Rxe8+ Rxe8 21. Rxe8+ Nxe8 22. b3 b6 23. Kb2 h6 24. Qd8 Kh7 25. a4 Nf6 26. Qd6 c5 27. h3 Qd7 28.
Qe5 Qd8 29. g4 Qd4 30. Qxd4 cxd4 31. Nb5 Ne4 32. Nxa7 Nf2 33. Nc8 Nxh3 34. Nxb6 g5 35. a5 Nf4 36. a6 Ne6 37. Nd5 1-0

[Event "FIDE Women World Blitz 2021"]
[Site "Warsaw"]
[Date "2021.12.30"]
[Round "13.29"]
[White "Danielian, Elina"]
[Black "Smirnova, Ekaterina"]
[Result "1-0"]
[ECO "A11"]
[WhiteElo "2450"]
[BlackElo "2196"]
[Annotator "ChessBase"]
[PlyCount "129"]
[EventDate "2021.12.29"]
[EventType "swiss"]
[EventCountry "POL"]
[Tiebreak "Cut1 Buchholz"]
[SourceTitle "playchess.com"]
[Source "ChessBase"]
[SourceQuality "1"]
[TimeControl "180+2"]

1. Nf3 Nf6 2. c4 c6 3. g3 d5 4. Bg2 Bf5 5. Qb3 Qb6 6. d3 e6 7. Nc3 Nbd7 8. Be3 Qxb3 9. axb3 Bc5 10. Bxc5 Nxc5 11. b4 Ncd7 12. O-O Ke7 13. b5 cxb5 14. Nxb5 a6 15. Nc3 dxc4 16. dxc4 Nc5 17. Nd4 Nfe4 18. Nxf5+ exf5 19. Nd5+ Kd6 20. Rfd1 Kc6 21. b4 Ne6 22. g4 g6 23. gxf5 gxf5 24. Ne7+ Kc7 25. Nxf5 Nf6 26. e3 Rhg8 27. Kf1 Rad8 28. Ne7 Rxd1+ 29. Rxd1 Rd8 30. Rxd8 Nxd8 31. Nd5+ Nxd5 32. Bxd5 f6 33. Ke2 Kd6 34. Kd3 b5 35. Kd4 bxc4 36. Bxc4 Nc6+ 37. Kc3 a5 38. bxa5 Nxa5 39. Bb5 Nb7 40. Kd4 Ke6 41. Bd3 h6 42. Ke4 Nc5+ 43. Kd4 Nd7 44.
Bf1 Ne5 45. Bh3+ Ke7 46. Ke4 Kf7 47. Bf1 Kg6 48. Kf4 Nd7 49.
Bd3+ Kg7 50. h4 Ne5 51. Bc2 Nd7 52. Kf5 Nc5 53. f4 Nd7 54.
e4 Kf7 55. Bb3+ Kg7 56. Bd5 Nb6 57. Bc6 Nc4 58. Bd5 Nd6+ 59.
Ke6 Nb5 60. e5 fxe5 61. fxe5 Kf8 62. Kf6 Nd4 63. Kg6 Ke7 64. Kxh6 Nf3 65. Bxf3 1-0

[Event "FIDE Women World Blitz 2021"]
[Site "Warsaw"]
[Date "2021.12.30"]
[Round "13.30"]
[White "Michna, Marta"]
[Black "Serikbay, Assel"]
[Result "0-1"]
[ECO "D02"]
[WhiteElo "2312"]
[BlackElo "2237"]
[Annotator "NA"]
[PlyCount "54"]
[EventDate "2021.12.29"]
[EventType "swiss"]
[EventCountry "POL"]
[Tiebreak "Cut1 Buchholz"]
[SourceTitle "playchess.com"]
[Source "ChessBase"]
[SourceQuality "1"]
[TimeControl "180+2"]

1. d4 d5 2. Nf3 Nf6 3. Bf4 c5 4. e3 Nc6 5. c3 Qb6 6. Qb3 c4 7. Qc2 Bf5 8. Qc1 e6 9. h3 Be7 10. Nh4 Bg6 11. Nxg6 hxg6 12. Nd2 Qd8 13. Qc2 b5 14. e4 b4 15. Be2 Nh5 16. Bh2 Bg5 17. O-O Nf4 18.
Bf3 O-O 19. exd5 exd5 20. Qa4 Rc8 21. Bxf4 Bxf4 22. Rad1 Qd6 23. Rfe1 Rfe8 24. Rxe8+ Rxe8 25. Nxc4 dxc4 26.
Qxc6 Qxc6 27. Bxc6 Re2 0-1

[Event "FIDE Women World Blitz 2021"]
[Site "Warsaw"]
[Date "2021.12.30"]
[Round "13.31"]
[White "Semenova, Elena"]
[Black "Strutinskaia, Galina"]
[Result "1-0"]
[ECO "C09"]
[WhiteElo "2233"]
[BlackElo "2188"]
[Annotator "NA"]
[PlyCount "65"]
[EventDate "2021.12.29"]
[EventType "swiss"]
[EventCountry "POL"]
[Tiebreak "Cut1 Buchholz"]
[SourceTitle "playchess.com"]
[Source "ChessBase"]
[SourceQuality "1"]
[TimeControl "180+2"]

1. e4 c5 2. Nf3 e6 3. c3 d5 4. exd5 exd5 5. d4 Nc6 6. Bb5 Bd6 7. O-O Nge7 8. dxc5 Bxc5 9. Nbd2 O-O 10. h3 Bf5 11. Nb3 Bd6 12. Nbd4 Bg6 13. Bd3 a6 14. Re1 Rc8 15. Bg5 Nxd4 16. Nxd4 Rc7 17. Qf3 Re8 18. Re2 Qd7 19. Rae1 Bxd3 20. Qxd3 Rcc8 21. Bxe7 Rxe7 22. Rxe7 Bxe7 23. Qf5 Qxf5 24. Nxf5 Bf8 25. Rd1 Rc5 26. Ne3 Ra5 27. a3 Rb5 28. b4 a5 29. Nxd5 axb4 30. axb4 b6 31. c4 Rxb4 32. Nxb4 Bxb4 33. Rd8+ 1-0

[Event "FIDE Women World Blitz 2021"]
[Site "Warsaw"]
[Date "2021.12.30"]
[Round "13.32"]
[White "Kurmangaliyeva, Liya"]
[Black "Paramzina, Anastasya"]
[Result "0-1"]
[ECO "D87"]
[WhiteElo "2222"]
[BlackElo "2260"]
[Annotator "NA"]
[PlyCount "70"]
[EventDate "2021.12.29"]
[EventType "swiss"]
[EventCountry "POL"]
[Tiebreak "Cut1 Buchholz"]
[SourceTitle "playchess.com"]
[Source "ChessBase"]
[SourceQuality "1"]
[TimeControl "180+2"]

1. d4 Nf6 2. c4 g6 3. Nc3 d5 4. cxd5 Nxd5 5. e4 Nxc3 6. bxc3 Bg7 7. Bc4 c5 8. Ne2 Nc6 9. Be3 O-O 10. O-O b6 11. Qd2 e6 12. Rfd1 cxd4 13.
cxd4 Bb7 14. Rac1 Rc8 15. Bb5 a6 16. Bd3 Qd6 17. Qb2 Qb4 18.
Qxb4 Nxb4 19. Bb1 Rxc1 20. Rxc1 Rc8 21. Rxc8+ Bxc8 22. a3 Nc6 23. d5 exd5 24. exd5 Ne7 25. Be4 b5 26. Bc5 f5 27. Bf3 Kf7 28. d6 Ng8 29. Bc6 Nf6 30. Nf4 Bd7 31. Bb7 a5 32. Nd3 Ne4 33. Bd5+ Ke8 34. f3 Nxc5 35. Nxc5 Bd4+ 0-1

[Event "FIDE Women World Blitz 2021"]
[Site "Warsaw"]
[Date "2021.12.30"]
[Round "13.33"]
[White "Wikar, Martyna"]
[Black "Zawadzka, Jolanta"]
[Result "0-1"]
[ECO "B47"]
[WhiteElo "1899"]
[BlackElo "2429"]
[Annotator "NA"]
[PlyCount "52"]
[EventDate "2021.12.29"]
[EventType "swiss"]
[EventCountry "POL"]
[Tiebreak "Cut1 Buchholz"]
[SourceTitle "playchess.com"]
[Source "ChessBase"]
[SourceQuality "1"]
[TimeControl "180+2"]

1. e4 c5 2. Nf3 e6 3. d4 cxd4 4. Nxd4 Nc6 5. Nc3 Qc7 6. f4 Nxd4 7. Qxd4 a6 8. Be2 b5 9. a3 Bb7 10. Be3 Rc8 11. Rd1 Nf6 12. O-O h5 13.
Bf3 Ng4 14. Bxg4 hxg4 15. Qb6 Qxb6 16. Bxb6 Bxa3 17. bxa3 Rxc3 18. Rd3 Rxc2 19. Rfd1 Bxe4 20. Rg3 f5 21. Bd4 Kf7 22. h3 Rh4 23. Bf2 gxh3 24. Rxd7+ Ke8 25. Rgxg7 h2+ 26. Kh1 Rc1+ 0-1

[Event "FIDE Women World Blitz 2021"]
[Site "Warsaw"]
[Date "2021.12.30"]
[Round "13.34"]
[White "Gaboyan, Susanna"]
[Black "Beydullayeva, Govhar"]
[Result "1-0"]
[ECO "A07"]
[WhiteElo "2253"]
[BlackElo "2278"]
[Annotator "NA"]
[PlyCount "85"]
[EventDate "2021.12.29"]
[EventType "swiss"]
[EventCountry "POL"]
[Tiebreak "Cut1 Buchholz"]
[SourceTitle "playchess.com"]
[Source "ChessBase"]
[SourceQuality "1"]
[TimeControl "180+2"]

1. Nf3 Nf6 2. g3 d5 3. Bg2 c6 4. O-O g6 5. d3 Bg7 6. Nbd2 Nbd7 7. e4 e5 8. Qe2 O-O 9. exd5 Nxd5 10. Nc4 Qc7 11. Re1 Re8 12. Ng5 b5 13.
Ne3 Bb7 14. c4 N5f6 15. Bd2 h6 16. Ne4 Nxe4 17. dxe4 bxc4 18. Qxc4 Nb6 19. Qc2 Rad8 20. Rac1 Rd7 21. Ba5 Red8 22. Nc4 Rd4 23. Qb3 Qd7 24. Nxb6 axb6 25. Qxb6 Ra8 26. Bc3 Rd6 27. a3 g5 28. Qc5 Qd8 29. Bf3 f6 30. Red1 Bf8 31. Qc4+ Kg7 32. Bh5 Qc7 33. Rxd6 Bxd6 34. Rd1 Ba6 35. Qe6 Rd8 36. Kg2 Bc8 37. Qc4 Bb7 38. Ba5 Qxa5 39. Qf7+ Kh8 40. Qxf6+ Kh7 41. Bg6+ Kg8 42. Qf7+ Kh8 43. Qh7# 1-0

[Event "FIDE Women World Blitz 2021"]
[Site "Warsaw"]
[Date "2021.12.30"]
[Round "13.35"]
[White "Dylag, Emilia"]
[Black "Ovod, Evgenija"]
[Result "1/2-1/2"]
[ECO "D41"]
[WhiteElo "1863"]
[BlackElo "2366"]
[Annotator "NA"]
[PlyCount "93"]
[EventDate "2021.12.29"]
[EventType "swiss"]
[EventCountry "POL"]
[Tiebreak "Cut1 Buchholz"]
[SourceTitle "playchess.com"]
[Source "ChessBase"]
[SourceQuality "1"]
[TimeControl "180+2"]

1. d4 d5 2. c4 e6 3. Nc3 Nf6 4. cxd5 Nxd5 5. e4 Nxc3 6. bxc3 c5 7. Nf3 cxd4 8. cxd4 Bb4+ 9. Bd2 Bxd2+ 10. Qxd2 O-O 11. Bc4 Nd7 12. O-O b6 13. Rfe1 Bb7 14. Rad1 Rc8 15. Bb3 Re8 16. Qf4 Qc7 17. Qh4 h6 18. h3 Nf6 19. d5 exd5 20. e5 Ne4 21. Bxd5 Nc3 22. Bxb7 Qxb7 23. Rd2 b5 24. Qg4 Rc4 25. Qf5 g6 26. Qd3 Kg7 27. Nd4 Rc5 28. e6 f5 29. Qe3 Ne4 30. Rb2 Rd5 31. f3 Nf6 32. Rc1 a6 33.
Rbc2 Re7 34. Rc6 Qa7 35. Rd1 a5 36. Kh1 b4 37. Qg1 a4 38.
Nc2 Qxg1+ 39. Rxg1 b3 40. axb3 axb3 41. Ne3 Re5 42. Nc4 R5xe6 43. Rxe6 Rxe6 44. Rb1 Rc6 45. Na5 Rb6 46. Rxb3 Rxb3 47. Nxb3 1/2-1/2

[Event "FIDE Women World Blitz 2021"]
[Site "Warsaw"]
[Date "2021.12.30"]
[Round "13.36"]
[White "Dworakowska, Joanna"]
[Black "Nur-Mukhametova, Alisa"]
[Result "1-0"]
[ECO "B30"]
[WhiteElo "2228"]
[BlackElo "2225"]
[Annotator "NA"]
[PlyCount "119"]
[EventDate "2021.12.29"]
[EventType "swiss"]
[EventCountry "POL"]
[Tiebreak "Cut1 Buchholz"]
[SourceTitle "playchess.com"]
[Source "ChessBase"]
[SourceQuality "1"]
[TimeControl "180+2"]

1. e4 c5 2. Nf3 Nc6 3. g3 Nf6 4. d3 d5 5. e5 Nd7 6. Qe2 Qc7 7. Bf4 e6 8. h4 b5 9. Bh3 Bb7 10. O-O h6 11. Nc3 a6 12. Nxd5 exd5 13.
e6 Bd6 14. exd7+ Kf8 15. Rfe1 g6 16. Ne5 Nxe5 17. Bxe5 Bxe5 18. Qxe5 Qxe5 19. Rxe5 Kg7 20. Rae1 Rad8 21. Re7 Kf6 22. Re8 Bc6 23. R8e6+ fxe6 24. Rxe6+ Kg7 25. Rxc6 c4 26. d4 Rhf8 27. Rc5 Rf7 28. Rxd5 Re7 29. Kf1 Kf6 30. Rd6+ Kg7 31. Rxa6 Rf7 32. Rb6 Rf6 33. Rxb5 Ra6 34. a3 Rd6 35. c3 Kf7 36. Ke2 Ke7 37. Rb7 Rf6 38.
f4 Ra6 39. Kd2 Rc6 40. Rb4 Kd6 41. Rb7 Ke7 42. a4 Ra6 43. Rb4 Rc6 44. Ke3 Ra8 45. d5 Rca6 46. Kd4 Rxa4 47. d6+ Kd8 48. Rxc4 Rxc4+ 49. Kxc4 Ra6 50. Kd5 Ra5+ 51. Ke6 Ra2 52. c4 Rxb2 53. c5 Rc2 54. Kd5 Rd2+ 55. Kc6 Rh2 56. Bf1 Rf2 57. Bb5 Rf3 58. Kb7 Rb3 59. Kb6 Rxg3 60. c6 1-0

[Event "FIDE Women World Blitz 2021"]
[Site "Warsaw"]
[Date "2021.12.30"]
[Round "13.37"]
[White "Maisuradze, Nino"]
[Black "Malicka, Maria"]
[Result "1-0"]
[ECO "E28"]
[WhiteElo "2175"]
[BlackElo "2307"]
[Annotator "NA"]
[PlyCount "117"]
[EventDate "2021.12.29"]
[EventType "swiss"]
[EventCountry "POL"]
[Tiebreak "Cut1 Buchholz"]
[SourceTitle "playchess.com"]
[Source "ChessBase"]
[SourceQuality "1"]
[TimeControl "180+2"]

1. d4 Nf6 2. c4 e6 3. Nc3 Bb4 4. e3 c5 5. a3 Bxc3+ 6. bxc3 O-O 7.
Bd3 d6 8. Qf3 Nc6 9. Ne2 e5 10. d5 Na5 11. e4 Nb3 12. Rb1 Nxc1 13. Rxc1 Bg4 14. Qe3 Bxe2 15. Bxe2 Qa5 16. O-O Nd7 17. Rb1 b6 18. Bg4 Nf6 19. Bf5 Qa4 20. Qd3 g6 21. Bh3 Nh5 22. g3 Qe8 23. f4 Qe7 24. f5 Qg5 25. Kh1 Kg7 26.
Rb2 Nf6 27. Bg2 Ng4 28. Re2 h5 29. h3 Nf6 30. Ref2 h4 31.
g4 Nh7 32. f6+ Kg8 33. Rf3 Rfe8 34. R1f2 Nf8 35. Bf1 Qc1 36. Kg2 Qxa3 37. Qe3 Kh7 38. Qg5 Nd7 39. Qxh4+ Kg8 40. Qh6 Nxf6 41. Rxf6 Re7 42. R6f3 Qa4 43. Qg5 Qd7 44. h4 Kh7 45. Be2 Rg8 46. Kh2 Rg7 47. Qf6 Kg8 48. Rg2 Rh7 49. Kg3 Re8 50. Kf2 Qa4 51. h5 Rg7 52. hxg6 fxg6 53. g5 Qc2 54. Rg4 Qd2 55. Rh4 a5 56. Rh6 a4 57. Rxg6 Rxg6 58.
Qxg6+ Kh8 59. Rh3# 1-0